 Dungeon Crawl Stone Soup version 0.31-a0-1499-ge0622b2318 (webtiles) character file.

Game seed: 13593893624926250767

83 zazu2006 the Chopper (level 4, 0/34 HPs)
             Began as a Gnoll Wanderer on Dec 30, 2023.
             Was an Initiate of Vehumet.
             Slain by an orc
             ... wielding a +0 falchion
              (5 damage)
             ... in the Ecumenical Temple.
             The game lasted 00:04:58 (2394 turns).

zazu2006 the Chopper (Gnoll Wanderer)               Turns: 2394, Time: 00:04:58

Health: 0/34       AC:  4    Str: 12    XL:     4   Next: 44%
Magic:  8/8        EV: 12    Int: 13    God:    Vehumet [......]
Gold:   94         SH:  0    Dex: 11    Spells: 9/9 levels left

rFire   . . .        a - +2 hand axe
rCold   . . .        (no shield)
rNeg    . . .        e - +0 robe
rPois   .            i - +0 helmet
rElec   .            (no cloak)
rCorr   .            m - +0 pair of gloves
SInv    .            (no boots)
Will    +....        (no amulet)
Stlth   ++           (no ring)
HPRegen 0.25/turn    (no ring)
MPRegen 0.11/turn

%: no passive effects
@: mighty, enlightened, flying
A: fangs 1, strong nose, distributed training
a: Renounce Religion


You were in the Ecumenical Temple.
You worshipped Vehumet.
Vehumet was noncommittal.
You visited 2 branches of the dungeon, and saw 5 of its levels.

You collected 94 gold pieces.

Inventory:

Hand Weapons
 a - a +2 hand axe (weapon)
 c - a +0 dagger
Missiles
 b - 11 poisoned darts (quivered)
Armour
 e - a +0 robe (worn)
 i - a +0 helmet (worn)
 m - a +0 pair of gloves (worn)
 n - a +0 pair of gloves
 u - a +0 kite shield
Jewellery
 q - a +5 ring of evasion
Scrolls
 g - a scroll of teleportation {unknown}
 h - 2 scrolls of blinking {unknown}
 j - a scroll of brand weapon {unknown}
 k - a scroll of fear {unknown}
 o - 2 scrolls of identify {unknown}
 r - a scroll of amnesia {unknown}
Potions
 f - 2 potions of enlightenment
 p - a potion of berserk rage {unknown}
 s - a potion of heal wounds {unknown}
 t - a potion of lignification {unknown}


   Skills:
 + Level 2.8 Fighting
 + Level 1.2 Short Blades
 + Level 1.2 Long Blades
 + Level 6.6 Axes
 + Level 1.2 Maces & Flails
 + Level 1.2 Polearms
 + Level 1.2 Staves
 + Level 1.2 Ranged Weapons
 + Level 2.8 Throwing
 + Level 1.2 Armour
 + Level 2.8 Dodging
 + Level 1.2 Stealth
 + Level 1.2 Shields
 + Level 1.2 Unarmed Combat
 + Level 3.0 Spellcasting
 + Level 1.0 Conjurations
 + Level 1.0 Hexes
 + Level 1.0 Summonings
 + Level 1.0 Necromancy
 + Level 1.0 Translocations
 + Level 1.0 Fire Magic
 + Level 1.0 Ice Magic
 + Level 5.5 Air Magic
 + Level 1.0 Earth Magic
 + Level 1.0 Alchemy
 + Level 1.3 Invocations
 + Level 1.2 Evocations
 + Level 1.1 Shapeshifting


You had 9 spell levels left.
You didn't know any spells.
Your spell library contained the following spells:

 Spells                   Type           Power      Damage    Failure   Level
 Static Discharge         Conj/Air       20%        3-4/arc   9%          2
 Cigotuvi's Dreadful Rot  Necr/Alch/Air  16%        N/A       12%         2
 Airstrike                Air            8%         2d(2-18)  24%         4
 Gell's Gravitas          Tloc           4%         N/A       41%         3
 Teleport Other           Tloc           4%         N/A       41%         3
 Summon Lightning Spire   Summ/Air       10%        N/A       52%         4
 Dispersal                Tloc           2%         N/A       100%        6


Dungeon Overview and Level Annotations

Branches:
Dungeon (4/15)             Temple (1/1) D:4

Altars:
Ashenzari
Cheibriados
Elyvilon
Gozag
Kikubaaqudgha
Nemelex Xobeh
Okawaru
Uskayaw
Vehumet
Wu Jian
Xom
Yredelemnul
The Shining One

Shops:
D:1 [


Innate Abilities, Weirdness & Mutations

You have very sharp teeth.
Your uncanny sense of smell can sniff out nearby items.
Your experience applies equally to all skills.


Message History

You hit the ball python but do no damage.
You barely miss the adder. You hit the orc. The adder closely misses you.
The ball python completely misses you. The ball python constricts you.
The orc hits you but does no damage. The adder bites you.
You are poisoned.
The adder poisons you!
Unknown command.
You barely miss the ball python.
You bite the ball python, but do no damage.
You hit the adder. You hit the orc.
You feel sick.
The ball python bites you but does no damage.
The ball python constricts you.
* * * LOW HITPOINT WARNING * * *
The adder closely misses you. The orc hits you with a +0 falchion.
* * * LOW HITPOINT WARNING * * *
You feel better. The ball python bites you. The ball python constricts you.
The adder misses you. The orc hits you with a +0 falchion.
* * * LOW HITPOINT WARNING * * *
You hit the ball python.
You kill the ball python!
Vehumet accepts your kill.
You hit the adder but do no damage. You closely miss the orc.
The adder misses you. The orc hits you but does no damage.
The adder bites you but does no damage.
Unknown command.
You barely miss the adder.
The adder is heavily wounded.
You barely miss the orc. The adder bites you.
* * * LOW HITPOINT WARNING * * *
The orc hits you with a +0 falchion.
* * * LOW HITPOINT WARNING * * *
Unknown command.
It was a potion of enlightenment.
You feel very buoyant.
You fly up into the air.
The adder barely misses you. The orc closely misses you.
It was a potion of might.
You feel very mighty all of a sudden. The adder misses you.
The orc hits you with a +0 falchion.
You die...

#.._..###.....###.._..#
#.....##.......##.....#
##...+#.........#'...##
#####.....#.....#####
#.....###.....#
#######....#####....#######
##...##....#+...'#....##...##
#.....#...##.o.†.##...#.....#
#.._..+...##..@..##...+.._..#
#.....#...##...S.##...#.....#
##...##....#+...+#....##...##
#######....#####....#######
#.....###.....#
#####...........#####
##...+#.........#+...##
#.....###.....###.....#
#.._..# ###+### #.._..#


You could see an adder and an orc.

Vanquished Creatures
  An orc wizard (D:3)
  2 adders (D:2)
  4 orcs (D:3)
  6 ball pythons
  3 bats
  2 endoplasms
  4 goblins
  A hobgoblin (D:2)
  2 quokkas
  A frilled lizard (D:1)
  7 kobolds
  3 rats
36 creatures vanquished.

Notes
Turn   | Place    | Note
-------+----------+-------------------------------------------
     0 | D:1      | zazu2006 the Gnoll Wanderer began the quest for the Orb.
     0 | D:1      | zazu2006 set off with the following items: a +2 hand axe,
                  | 11 poisoned darts, a +0 dagger, a potion of curing, a +0
                  | robe; and the following spells available to memorise:
                  | Static Discharge, Cigotuvi's Dreadful Rot.
     0 | D:1      | Reached XP level 1. HP: 17/17 MP: 4/4
   247 | D:1      | Reached XP level 2. HP: 15/23 MP: 5/5
   380 | D:1      | Found Odatryf's Antique Armour Boutique.
   700 | D:2      | Reached XP level 3. HP: 14/28 MP: 7/7
   938 | D:2      | Reached skill level 1 in Invocations
  1224 | D:2      | Reached skill level 1 in Short Blades
  1224 | D:2      | Reached skill level 1 in Long Blades
  1224 | D:2      | Reached skill level 1 in Maces & Flails
  1224 | D:2      | Reached skill level 1 in Polearms
  1224 | D:2      | Reached skill level 1 in Staves
  1224 | D:2      | Reached skill level 1 in Ranged Weapons
  1224 | D:2      | Reached skill level 1 in Armour
  1224 | D:2      | Reached skill level 1 in Stealth
  1224 | D:2      | Reached skill level 1 in Shields
  1224 | D:2      | Reached skill level 1 in Unarmed Combat
  1224 | D:2      | Reached skill level 1 in Evocations
  1809 | D:3      | Reached skill level 1 in Shapeshifting
  1809 | D:3      | Reached XP level 4. HP: 16/34 MP: 8/8
  1902 | D:3      | Reached skill level 1 in Conjurations
  1902 | D:3      | Reached skill level 1 in Hexes
  1902 | D:3      | Reached skill level 1 in Summonings
  1902 | D:3      | Reached skill level 1 in Necromancy
  1902 | D:3      | Reached skill level 1 in Translocations
  1902 | D:3      | Reached skill level 1 in Fire Magic
  1902 | D:3      | Reached skill level 1 in Ice Magic
  1902 | D:3      | Reached skill level 1 in Earth Magic
  1902 | D:3      | Reached skill level 1 in Alchemy
  2333 | D:4      | Found a staircase to the Ecumenical Temple.
  2341 | Temple   | Entered the Ecumenical Temple
  2352 | Temple   | Became a worshipper of Vehumet
  2394 | Temple   | Slain by an orc

Illustrated notes

Levels and vault maps discovered:
D:1:      mainiacjoe_arrival_reflecting_pool, layout_loops_cross, serial_shops,
          nicolae_shop_window_shopping
D:2:      layout_loops_ring
D:3:      layout_basic, minmay_misc_feat_tiny, grunt_decor_arrowhead
D:4:      layout_basic, hellmonk_overflow_destroyed_library,
          minmay_temple_entry_ruins
Temple:   nicolae_temple_figure_eight

Skill      XL: |  1  2  3  4 |
---------------+-------------+-----
Invocations    | 1 |  1.3
Short Blades   | 1 |  1.2
Long Blades    | 1 |  1.2
Maces & Flails | 1 |  1.2
Polearms       | 1 |  1.2
Staves         | 1 |  1.2
Ranged Weapons | 1 |  1.2
Armour         | 1 |  1.2
Stealth        | 1 |  1.2
Shields        | 1 |  1.2
Unarmed Combat | 1 |  1.2
Evocations     | 1 |  1.2
Spellcasting   | 3 |  3.0
Shapeshifting  | 1 |  1.1
Conjurations   | 1 |  1.0
Hexes          | 1 |  1.0
Summonings     | 1 |  1.0
Necromancy     | 1 |  1.0
Translocations | 1 |  1.0
Fire Magic     | 1 |  1.0
Ice Magic      | 1 |  1.0
Earth Magic    | 1 |  1.0
Alchemy        | 1 |  1.0
Fighting       | |  2.8
Axes           | |  6.6
Throwing       | |  2.8
Dodging        | |  2.8
Air Magic      | |  5.5

Action                     |  1- 3 |  4- 6 || total
---------------------------+-------+-------++-------
  Melee: Hand axe          |    84 |    22 ||   106
         Bite              |     4 |     1 ||     5
         Punch             |     1 |       ||     1
    Use: Potion            |     1 |     4 ||     5
   Stab: Sleeping          |     3 |       ||     3
 Armour: Robe              |    53 |    32 ||    85
  Dodge: Dodged            |    34 |    26 ||    60

Table legend: (Time is in decaauts)
 A = Elapsed time spent in this place.
 B = Non-inter-level travel time spent in this place.
 C = Inter-level travel time spent in this place.
 D = Time resting spent in this place.
 E = Time spent auto-exploring this place.
 F = Levels seen in this place.
 G = Mean time per level.
                   A        B        C        D        E       F      G
               +--------+--------+--------+--------+--------+-----+--------+
         Total |   2391 |   2267 |    124 |     74 |   1828 |   5 |  478.2 |
       Dungeon |   2361 |   2247 |    114 |     74 |   1828 |   4 |  590.2 |
        Temple |     30 |     21 |      9 |      0 |      0 |   1 |   30.0 |
               +--------+--------+--------+--------+--------+-----+--------+

Top non-repeatable levels by time:
     D:3: 927 daAuts
     D:2: 707 daAuts
     D:1: 683 daAuts
     D:4: 43 daAuts
  Temple: 30 daAuts
